 Dungeon Crawl Stone Soup version 0.31.0-12-g77e489cdc1 (webtiles) character file.

Game seed: 10608933433766829350

32043 Rubinix the Severer (level 13, -6/195 HPs)
             Began as a Minotaur Berserker on Feb 16, 2024.
             Was a Priest of Trog.
             Mangled by a merfolk impaler
             ... wielding a +3 heavy trident
              (20 damage)
             ... on level 2 of the Shoals.
             The game lasted 00:42:19 (10915 turns).

Rubinix the Severer (Minotaur Berserker)           Turns: 10915, Time: 00:42:20

Health: -6/195     AC: 22    Str: 25    XL:     13   Next: 29%
Magic:  12/12      EV:  8    Int:  4    God:    Trog [***...]
Gold:   832        SH:  0    Dex: 12    Spells: 12/12 levels left

rFire   . . .        y - +4 war axe (elec)
rCold   + . .        (no shield)
rNeg    . . .        g - +0 plate armour
rPois   +            (helmet restricted)
rElec   .            (no cloak)
rCorr   .            d - +0 pair of gloves
SInv    .            D - +3 pair of mountain boots {steadfast, rC+}
Will    ++...        A - amulet of regeneration Stlth
                     q - +4 ring of protection
HPRegen 2.32/turn    z - ring of poison resistance
MPRegen 0.13/turn

%: no passive effects
@: berserking, strong-willed, regenerating, very quick
A: horns 2, retaliatory headbutt
a: Renounce Religion, Berserk, Trog's Hand


You were on level 2 of the Shoals.
You worshipped Trog.
Trog was most pleased with you.
You visited 3 branches of the dungeon, and saw 14 of its levels.

You collected 832 gold pieces.

Inventory:

Hand Weapons
 w - a +2 whip of flaming
 y - a +4 war axe of electrocution (weapon)
 I - the +8 Vampire's Tooth {megavamp}
   (You found it on level 3 of the Lair of Beasts)
Armour
 d - a +0 pair of gloves (worn)
 g - a +0 plate armour (worn)
 m - a +0 pair of boots
 D - the +3 pair of mountain boots (worn) {steadfast, rC+}
   (You acquired it on level 9 of the Dungeon)

   Steadfast: It prevents involuntary movement, except for blinking,
   teleportation, or banishment.
   rC+:       It protects you from cold.
Jewellery
 f - a ring of protection from fire
 j - a ring of willpower
 q - a +4 ring of protection (left hand)
 z - a ring of poison resistance (right hand)
 A - an amulet of regeneration (around neck)
 G - a +4 ring of protection
Wands
 c - a wand of flame (48)
 B - a wand of charming (4)
 E - a wand of roots (3)
Scrolls
 e - 6 scrolls of teleportation
 k - 2 scrolls of amnesia
 v - 2 scrolls of fear
 C - 2 scrolls of vulnerability
 F - a scroll of fog
 H - 2 scrolls of revelation
 K - a scroll of enchant armour {unknown}
 L - a scroll of identify
Potions
 a - a potion of mutation
 b - a potion of invisibility
 h - 2 potions of might
 i - 2 potions of brilliance
 l - 4 potions of berserk rage {unknown}
 n - 4 potions of heal wounds
 o - a potion of cancellation {unknown}
 r - 2 potions of degeneration {unknown}
 s - 2 potions of attraction {unknown}
 t - 4 potions of curing {unknown}
 u - 2 potions of ambrosia
 x - 2 potions of lignification {unknown}
Miscellaneous
 p - a phial of floods
 J - a box of beasts


   Skills:
 + Level 16.7 Fighting
 + Level 19.9(20.1) Axes
 + Level 4.5(13.8) Maces & Flails
 - Level 5.5 Armour
 - Level 4.0 Dodging
 - Level 0.6 Stealth


You had 12 spell levels left.
You didn't know any spells.
Your spell library was empty.

Dungeon Overview and Level Annotations

Branches:
Dungeon (9/15)             Temple (0/1) D:4            Lair (3/5) D:9
 Shoals (2/4) Lair:3        Snake (0/4) Lair:2
    Orc: D:9-12

Altars:
Ashenzari
Cheibriados
Hepliaklqana
Makhleb
Okawaru
Qazlal
Trog
Wu Jian
Zin
The Shining One

Shops:
D:8 (

Annotations:
D:9 4 runed translucent doors


Innate Abilities, Weirdness & Mutations

You have a pair of horns on your head.
You reflexively headbutt those who attack you in melee.


Message History

The skyshark tail-slaps you.
You feel much better.
The merfolk impaler hits you but does no damage.
The merfolk impaler completely misses you.
The snapping turtle bites you from afar.
The merfolk impaler hits you from afar with a +2 trident of protection.
The skyshark bites you.
The skyshark tastes blood and grows stronger!
The skyshark tail-slaps you but does no damage.
The skyshark tail-slaps you.
A red film seems to cover your vision as you go berserk!
You feel yourself moving faster!
You feel mighty!
The merfolk impaler hits you from afar with a +3 heavy trident!!
* * * LOW HITPOINT WARNING * * *
The merfolk impaler hits you but does no damage.
The skyshark barely misses you. You furiously retaliate!
You headbutt the skyshark.
The skyshark tail-slaps you but does no damage.
The skyshark barely misses you. The snapping turtle barely misses you.
The merfolk impaler closely misses you.
The merfolk impaler hits you from afar with a +3 heavy trident!!
* * * LOW HITPOINT WARNING * * *
You slice the skyshark!!
The skyshark is almost dead.
You completely miss the skyshark. You headbutt the skyshark!
You kill the skyshark!
Trog accepts your kill.
The merfolk impaler hits you from afar with a +2 trident of protection!
* * * LOW HITPOINT WARNING * * *
The merfolk impaler hits you from afar with a +3 heavy trident.
* * * LOW HITPOINT WARNING * * *
The merfolk impaler hits you but does no damage.
The snapping turtle bites you.
* * * LOW HITPOINT WARNING * * *
You slice the merfolk impaler!! You headbutt the merfolk impaler!
The merfolk impaler is moderately wounded.
You slash the merfolk impaler! You hit the snapping turtle.
Lightning courses through the snapping turtle!
The merfolk impaler hits you with a +3 heavy trident!!
You die...

.......<......~~≈≈≈≈
......##........~~≈≈≈
.P##......##....~~≈≈≈
#.....## ...~~~≈≈
###...### .>..~~~
###...###....~~~
.###..........~~~
.....[...†.....~~.
.....~....@....~~.
...~~.~...tmm~~~~~.
...~~.........~~~..
.........###...~~..
.....~~..# ...~~~.
..~~~~~.# ...~~~.
.~~~~~. ...~~~. ~~~
~.~~~~~


You could see 2 merfolk impalers and a snapping turtle.

Vanquished Creatures
  3 hydras
  A catoblepas (Lair:2)
  An alligator snapping turtle (Shoals:1)
  A two-headed ogre (D:9)
  Urug (Lair:2)
  Nergalle (Lair:2)
  5 sea snakes (Shoals:1)
  3 skysharks
  Pikel (D:5)
  3 manticores
  A faun (Shoals:1)
  A salamander (Lair:2)
  5 black mambas
  2 merfolk sirens (Shoals:1)
  12 elephants (Lair:3)
  4 cane toads
  3 rime drakes
  8 komodo dragons
  5 merfolk (Shoals:1)
  3 wind drakes
  8 blink frogs (Lair:3)
  A hornet (D:7)
  2 snapping turtles (Shoals:1)
  Prince Ribbit (D:7)
  A water elemental (Shoals:1)
  7 yaks
  2 wyverns (Lair:1)
  A basilisk (Lair:2)
  2 steam dragons
  2 nagas (Lair:2)
  Duvessa (D:7)
  13 water moccasins
  2 orc warriors
  2 sky beasts (D:7)
  A black bear (D:5)
  An ogre (D:6)
  5 wolves (Lair:3)
  4 lemures (D:5)
  2 phantoms
  Blork the orc (D:6)
  10 bullfrogs
  2 scorpions
  3 wights (D:9)
  Dowan (D:7)
  A howler monkey (D:7)
  2 electric eels (Lair:2)
  A bombardier beetle (D:4)
  2 hounds
  2 orc priests
  3 jellies (D:6)
  2 gnoll boudas
  2 sleepcaps
  2 hell rats (Lair:1)
  4 iguanas
  4 orc wizards
  4 gnolls (D:7)
  12 adders
  6 river rats (Lair:1)
  A shadow imp (D:7)
  3 white imps
  2 ufetubi (D:6)
  3 dart slugs
  2 ribbon worms
  17 orcs
  5 ball pythons
  6 bats
  An endoplasm (D:1)
  3 giant cockroaches (D:1)
  13 hobgoblins
  3 quokkas
  A frilled lizard (D:3)
  6 goblins
  8 kobolds
  7 rats
267 creatures vanquished.

Notes
Turn   | Place    | Note
-------+----------+-------------------------------------------
     0 | D:1      | Rubinix the Minotaur Berserker began the quest for the Orb.
     0 | D:1      | Reached XP level 1. HP: 19/19 MP: 0/0
   151 | D:1      | Reached XP level 2. HP: 27/27 MP: 1/1
   208 | D:1      | Reached skill level 4 in Axes
   239 | D:1      | Found a faded altar of an unknown god.
   468 | D:1      | Reached ** piety under Trog
   570 | D:2      | Reached XP level 3. HP: 33/34 MP: 2/2
  1155 | D:3      | Found an ornate altar of the Wu Jian Council.
  1264 | D:3      | Reached XP level 4. HP: 39/41 MP: 3/3
  1299 | D:3      | Found a burning altar of Makhleb.
  1471 | D:3      | Found a bloodstained altar of Trog.
  1564 | D:4      | Reached skill level 5 in Axes
  1625 | D:4      | Reached skill level 5 in Fighting
  1625 | D:4      | Reached XP level 5. HP: 48/48 MP: 4/4
  1778 | D:4      | Reached skill level 6 in Axes
  1854 | D:4      | Noticed a phantom
  1868 | D:4      | Killed a phantom
  1869 | D:4      | Reached XP level 6. HP: 51/56 MP: 5/5
  1885 | D:4      | Found a staircase to the Ecumenical Temple.
  1930 | D:4      | Identified the +4 flail of Tamelixorio {antimagic, rPois}
  2474 | D:5      | Entered Level 5 of the Dungeon
  2572 | D:5      | Reached skill level 7 in Axes
  2572 | D:5      | Reached XP level 7. HP: 50/61 MP: 6/6
  2758 | D:5      | Noticed Pikel
  2774 | D:5      | Killed Pikel
  2775 | D:5      | Reached skill level 8 in Axes
  2775 | D:5      | Reached skill level 5 in Armour
  2775 | D:5      | Reached XP level 8. HP: 70/70 MP: 7/7
  3109 | D:6      | Reached skill level 9 in Axes
  3285 | D:6      | Noticed Blork the orc
  3292 | D:6      | Killed Blork the orc
  3292 | D:6      | Reached *** piety under Trog
  3655 | D:7      | Reached skill level 10 in Axes
  3697 | D:7      | Noticed Prince Ribbit
  3708 | D:7      | Killed Prince Ribbit
  3795 | D:7      | Noticed a hornet
  3802 | D:7      | Paralysed by a hornet for 3 turns
  3809 | D:7      | Killed a hornet
  3810 | D:7      | Reached skill level 11 in Axes
  3810 | D:7      | Reached XP level 9. HP: 35/79 MP: 8/8
  4091 | D:7      | Noticed Duvessa
  4093 | D:7      | Noticed Dowan
  4107 | D:7      | Killed Duvessa
  4107 | D:7      | Killed Dowan
  4146 | D:7      | Identified the +0 orcbow "Baomma" {flame, rF+ rN+ Str-3}
  4184 | D:7      | Reached skill level 12 in Axes
  4440 | D:7      | Found an iron altar of Okawaru.
  4440 | D:7      | Found a broken altar of Ashenzari.
  4448 | D:7      | Found a snail-covered altar of Cheibriados.
  4450 | D:7      | Found a hazy altar of Hepliaklqana.
  4452 | D:7      | Found a faded altar of an unknown god.
  4652 | D:8      | Found a glowing golden altar of the Shining One.
  4745 | D:8      | Found Ydustud's Antique Weapon Boutique.
  5257 | D:8      | Found a glowing silver altar of Zin.
  5484 | D:9      | Noticed a two-headed ogre
  5489 | D:9      | Killed a two-headed ogre
  5490 | D:9      | Reached skill level 13 in Axes
  5580 | D:9      | Found a runed translucent door.
  5599 | D:9      | Found a runed translucent door.
  5805 | D:9      | Found a runed translucent door.
  6132 | D:9      | Found a staircase to the Lair.
  6249 | D:9      | Found a stormy altar of Qazlal.
  6286 | D:9      | Found a runed translucent door.
  6466 | D:9      | Identified a scroll of acquirement
  6466 | D:9      | Acquired the +3 pair of mountain boots {steadfast, rC+}
  6466 | D:9      | Found the +3 pair of mountain boots {steadfast, rC+}
  6567 | Lair:1   | Entered Level 1 of the Lair of Beasts
  6567 | Lair:1   | Noticed a cane toad
  6577 | Lair:1   | Killed a cane toad
  6578 | Lair:1   | Reached skill level 14 in Axes
  6578 | Lair:1   | Reached XP level 10. HP: 68/91 MP: 9/9
  6827 | Lair:1   | Noticed a cane toad
  6838 | Lair:1   | Killed a cane toad
  6839 | Lair:1   | Reached skill level 10 in Fighting
  7084 | Lair:1   | Reached skill level 15 in Axes
  7209 | Lair:1   | Noticed a cane toad
  7216 | Lair:1   | Killed a cane toad
  7551 | Lair:2   | Noticed a cane toad
  7552 | Lair:2   | Noticed a catoblepas
  7560 | Lair:2   | Killed a cane toad
  7564 | Lair:2   | Killed a catoblepas
  7565 | Lair:2   | Reached skill level 16 in Axes
  7599 | Lair:2   | Reached XP level 11. HP: 84/102 MP: 10/10
  7797 | Lair:2   | Found a staircase to the Snake Pit.
  7971 | Lair:2   | Noticed a four-headed hydra
  7982 | Lair:2   | Killed a four-headed hydra
  8056 | Lair:2   | Noticed Nergalle
  8067 | Lair:2   | Killed Nergalle
  8068 | Lair:2   | Reached skill level 17 in Axes
  8097 | Lair:2   | Reached skill level 1 in Maces & Flails
  8122 | Lair:2   | Noticed a six-headed hydra
  8131 | Lair:2   | Noticed Urug
  8138 | Lair:2   | Killed an eight-headed hydra
  8147 | Lair:2   | Killed Urug
  8988 | Lair:3   | Found the +8 Vampire's Tooth {megavamp}
  9014 | Lair:3   | Noticed a skyshark
  9024 | Lair:3   | Killed a skyshark
  9025 | Lair:3   | Reached skill level 18 in Axes
  9100 | Lair:3   | Reached XP level 12. HP: 115/115 MP: 11/11
  9301 | Lair:3   | Found a staircase to the Shoals.
  9482 | Lair:3   | Reached skill level 15 in Fighting
  9773 | Lair:3   | Reached skill level 19 in Axes
  9796 | Lair:3   | Noticed a five-headed hydra
  9803 | Lair:3   | Killed a five-headed hydra
 10084 | Shoals:1 | Entered Level 1 of the Shoals
 10355 | Shoals:1 | Noticed an alligator snapping turtle
 10382 | Shoals:1 | Killed an alligator snapping turtle
 10411 | Shoals:1 | Reached XP level 13. HP: 112/128 MP: 12/12
 10896 | Shoals:2 | Noticed a merfolk impaler
 10896 | Shoals:2 | Noticed a merfolk impaler
 10915 | Shoals:2 | Mangled by a merfolk impaler

Illustrated notes

Levels and vault maps discovered:
D:1:      ncdulo_smallfort, layout_rooms, basic_ecumenical_altar,
          chequers_avenue
D:2:      layout_loops_cross
D:3:      layout_rooms, nicolae_wu_jian_immortal_techniques,
          mainiacjoe_overflow_concentric_impassable, lemuel_round_altar
D:4:      layout_cave_pods, minmay_temple_entry_trees, serial_forest,
          infiniplex_forest_corner_1, infiniplex_forest_straight_2,
          infiniplex_forest_3_way, infiniplex_forest_lined_corner,
          infiniplex_forest_straight_4, infiniplex_forest_corner_1,
          infiniplex_forest_clump_diagonal, infiniplex_forest_lined_2
D:5:      layout_rooms, uniq_pikel
D:6:      layout_rooms, nicolae_tricolors, uniq_blork_the_orc
D:7:      layout_gridville, chequers_temple_overflow_minitemple,
          uniq_prince_ribbit1, uniq_duvessa
D:8:      layout_loops_ring, lemuel_coloured_pillars_altar,
          nicolae_tso_swordbearing_angel, serial_shops, nicolae_stop_n_shop_1,
          minmay_misc_feat_x, kennysheep_generic_room_4
D:9:      layout_stronghold, kennysheep_mini, dpeg_oklobed_lair, hex_medium,
          minmay_statue_crystal_thing
Lair:1:   layout_cave_pods, kennysheep_rathole, infiniplex_staircase_pool
Lair:2:   layout_regular_city, alex1729_snake_entry_snake, serial_bayou_pond_b,
          grunt_megastairs_5, serial_bayou_shore_a, uniq_urug, uniq_nergalle
Lair:3:   cheibrodos_lair_river_kwai, layout_chaotic_city, shoals_dummy_entry
Shoals:1: layout_shoals, nicolae_tricolors
Shoals:2: layout_shoals

Skill      XL: |  1  2  3  4  5  6  7  8  9 10 11 12 |
---------------+-------------------------------------+-----
Fighting       | 4 5 6 7 9 11 13 16 | 16.7
Axes           | 4 5 6 7 8 11 14 16 18 19 | 19.9
Armour         | 3 4 5 |  5.5
Dodging        | 3 4 |  4.0
Maces & Flails | 2 4 |  4.5
Stealth        | |  0.6

Action                     |  1- 3 |  4- 6 |  7- 9 | 10-12 | 13-15 || total
---------------------------+-------+-------+-------+-------+-------++-------
  Melee: Hand axe          |    94 |    86 |    71 |       |       ||   251
         Headbutt          |    19 |    18 |    40 |    81 |    12 ||   170
         Punch             |       |     1 |     1 |     2 |       ||     4
         War axe           |       |       |   155 |   357 |    78 ||   590
         Whip              |       |       |       |    23 |       ||    23
 Invoke: Trog's Hand       |       |     2 |     8 |    14 |     1 ||    25
         Berserk           |       |       |     3 |     6 |     1 ||    10
    Use: Scroll            |     6 |     1 |     6 |     6 |       ||    19
         Potion            |       |       |       |     2 |     2 ||     4
   Stab: Petrified         |       |       |       |     1 |       ||     1
 Armour: Animal skin       |     5 |       |       |       |       ||     5
         Ring mail         |    57 |    22 |       |       |       ||    79
         Chain mail        |       |    38 |    75 |       |       ||   113
         Plate armour      |       |       |    97 |   400 |    87 ||   584
  Dodge: Dodged            |    45 |    58 |    78 |   144 |    38 ||   363
